AoeStats
← newats2007

African Clearing

510376909Analyzed
3v3 RM · 17h ago on Sep 30, 2026· 48m 54s· 6 players
Game mode
Random Map
Map size
Normal (6 player)
Population
200
Speed
Normal
Resources
Standard
Victory
Conquest
Starting age
Dark Age
Ending age
Imperial Age
RankedLock teamsTeams togetherTeam positionsShared explorationLock speedFull tech treeHidden civsTurbo modeCheats
Victory
Defeat
🇧🇷 Vietnamese · Brazil
1330
+13
🇺🇸 Mongols · United States
1307
+14
🇧🇷 Vikings · Brazil
1201
+18
🇨🇳 Mongols · China
1281
-16
🇮🇳 Khmer · India
1250
-15
🇦🇷 Britons · Argentina
1224
-14
newats2007
3:36 Loom
13:17 Feudal Age
17:21 Castle Age
35:08 Horse Collar
Berenjena
10:51 Loom
13:49 Feudal Age
17:03 Double-Bit Axe
21:42 Gold Mining
25:08 Castle Age
27:50 Bow Saw
30:52 Elite Skirmisher
36:41 Horse Collar
40:59 Imperial Age
39:06 Wheelbarrow
39:15 Fletching
39:26 Padded Archer Armor
40:42 Bodkin Arrow
41:41 Ballistics
42:02 Yeomen
41:58 Scale Barding Armor
41:54 Bracer
42:59 Leather Archer Armor
42:55 Heavy Plow
45:40 Ring Archer Armor
46:17 Chemistry
46:07 Forging
45:57 Scale Mail Armor
46:17 Chain Barding Armor
47:20 Guard Tower
48:27 Iron Casting
职业杀猪
4:39 Loom
11:02 Feudal Age
11:47 Double-Bit Axe
15:03 Scale Barding Armor
21:45 Forging
27:05 Castle Age
37:15 Horse Collar
37:42 Fletching
39:38 Bodkin Arrow
MineirodeOuro
5:48 Loom
12:43 Feudal Age
16:54 Castle Age
16:29 Double-Bit Axe
17:02 Horse Collar
22:19 Fletching
24:06 Padded Archer Armor
28:31 Bodkin Arrow
30:01 Wheelbarrow
33:06 Leather Archer Armor
35:30 Bloodlines
35:21 Husbandry
39:15 Imperial Age
38:02 Hand Cart
38:54 Town Watch
39:31 Bow Saw
39:29 Heavy Plow
40:03 Bracer
41:41 Town Patrol
42:34 Conscription
43:15 Husbandry
43:58 Elite Mangudai
45:47 Scale Barding Armor
46:43 Drill
50:23 Chemistry
49:44 Ballistics
[LCDR]Zuru
4:42 Loom
13:15 Feudal Age
17:08 Castle Age
16:12 Double-Bit Axe
17:10 Fletching
18:01 Town Watch
23:24 Bodkin Arrow
33:55 Padded Archer Armor
35:27 Leather Archer Armor
35:25 Bloodlines
35:15 Husbandry
40:19 Bow Saw
39:50 Horse Collar
41:11 Heavy Plow
42:42 Elite Skirmisher
44:26 Stone Mining
44:27 Gold Mining
45:15 Wheelbarrow
44:41 Town Patrol
45:17 Light Cavalry
46:40 Thumb Ring
49:19 Imperial Age
49:17 Ballistics
BRAZILBIKINI
4:01 Loom
14:28 Feudal Age
15:43 Double-Bit Axe
21:45 Gold Mining
24:57 Castle Age
27:47 Horse Collar
28:52 Squires
32:12 Scale Mail Armor
33:08 Bow Saw
33:45 Chain Mail Armor
35:42 Forging
37:53 Iron Casting
41:31 Fletching
46:12 Imperial Age
46:22 Elite Berserk
47:36 Plate Mail Armor
47:56 Gold Shaft Mining
49:31 Blast Furnace
48:05 Capped Ram
Connection lost

Rejoining the realm…

Still unreachable

The connection could not be restored.

Session expired

The server has moved on; the page needs a fresh start.